 Dungeon Crawl Stone Soup version 0.17-a0-1409-ge6d9485 (webtiles) character file.

25 tinkerttoy the Firebug (level 2, 0/19 HPs)
             Began as a Demonspawn Fire Elementalist on June 23, 2015.
             Slain by a gnoll
             ... wielding a +0 halberd
              (9 damage)
             ... on level 1 of the Dungeon.
             The game lasted 00:02:09 (648 turns).

tinkerttoy the Firebug (DsFE)                        Turns: 648, Time: 00:02:09

Health: 0/19       AC:  2    Str:  8    XL:     2   Next: 86%
Magic:  0/5        EV: 12    Int: 16    God:
Gold:   25         SH:  0    Dex: 15    Spells: 2 memorised, 2 levels left

rFire  . . .     SeeInvis .     (no weapon)
rCold  . . .     Clarity  .     a - +0 robe
rNeg   . . .     SustAt   .     (no shield)
rPois  .         Gourm    .     (no helmet)
rElec  .         Spirit   .     (no cloak)
rCorr  .         Warding  .     (no gloves)
rMut   .         Stasis   .     (no boots)
MR     .....                    (no amulet)
Stlth  ++........               (no ring)
                                (no ring)

@: very slightly contaminated, not resistant to hostile enchantments, unstealthy
A: thin skeletal structure 1
a: no special abilities


You were on level 1 of the Dungeon.
You were not hungry.

You visited 1 branch of the dungeon, and saw 1 of its levels.

You collected 25 gold pieces.

Inventory:

Armour
 a - a +0 robe (worn)
Scrolls
 f - a scroll of magic mapping {unknown}
 g - a scroll of recharging {unknown}
Potions
 d - a potion of curing {unknown}
 e - 2 potions of invisibility {unknown}
 i - a potion of haste {unknown}
Books
 b - a book of Flames

   Spells                             Type                      Level
   a - Flame Tongue                   Conjuration/Fire             1
   b - Throw Flame                    Conjuration/Fire             2
   c - Conjure Flame                  Conjuration/Fire             3
   d - Inner Flame                    Hexes/Fire                   3
   e - Sticky Flame                   Conjuration/Fire             4
   f - Fireball                       Conjuration/Fire             5
Comestibles
 c - a bread ration
 h - 2 chunks of flesh


   Skills:
 + Level 2.1 Dodging
 - Level 1.8 Stealth
 + Level 2.2 Spellcasting
 + Level 1.5 Conjurations
 * Level 3.1 Fire Magic


You had 2 spell levels left.
You knew the following spells:

 Your Spells              Type           Power        Failure   Level  Hunger
a - Flame Tongue          Conj/Fire      #....        10%         1    #......
b - Throw Flame           Conj/Fire      #.....       14%         2    ###....


Dungeon Overview and Level Annotations

Branches:
Dungeon (1/15)

Altars:


Innate Abilities, Weirdness & Mutations

You have a somewhat thin skeletal structure (Dex +2, Stealth).


Message History

Casting: Flame Tongue
Confirm with . or Enter, or press ? or * to list all spells.
Aiming: Flame Tongue
Press: ? - help, Shift-Dir - straight line, f/p - gnoll
Aim: a gnoll, wielding a halberd (lightly wounded)
You miscast Flame Tongue.
You are very lightly contaminated with residual magic.
The air around you burns with energy! The gnoll closely misses you.
Casting: Flame Tongue
Confirm with . or Enter, or press ? or * to list all spells.
Aiming: Flame Tongue
Press: ? - help, Shift-Dir - straight line, f/p - gnoll
Aim: a gnoll, wielding a halberd (lightly wounded)
You miscast Flame Tongue.
Nothing appears to happen.
The gnoll hits you with a halberd!
Ouch! That really hurt!
The gnoll barely misses you.
There is an open door here.
The gnoll hits you from afar with a halberd!
You die...

####............##.......###^#...
#.............########..##.#...
##.............# #>......#...
#..............# #.##..###...
#..............# #.###.# #...
#.....#...###### ####'###.####>.
#.....#.##########.............#
#........................#....##
#######.#######@.........#....#
#+# #.'..........#....#
#g#..........#....#
#.####.......#....# ....!.'(##
#.......######
......#..###.......#
...................#
...#......#..#######
.............#


You could see a gnoll.

Vanquished Creatures
  2 oozes (D:1)
  2 giant geckos (D:1)
  A giant cockroach (D:1)
  A goblin (D:1)
  2 hobgoblins (D:1)
  3 kobolds (D:1)
  2 rats (D:1)
13 creatures vanquished.

Notes
Turn   | Place    | Note
--------------------------------------------------------------
     0 | D:1      | tinkerttoy the Demonspawn Fire Elementalist began the quest for the Orb.
     0 | D:1      | Reached XP level 1. HP: 13/13 MP: 3/3
   167 | D:1      | Gained mutation: You have a somewhat thin skeletal structure (Dex +2, Stealth). [demonic ancestry]
   167 | D:1      | Reached XP level 2. HP: 19/19 MP: 3/5
   230 | D:1      | Reached skill level 3 in Fire Magic
   264 | D:1      | Learned a level 2 spell: Throw Flame
   648 | D:1      | Slain by a gnoll

Vault maps used:
D:1:      scummos_arrival_star, minmay_misc_feat_more_columns,
          minmay_close_crescents

Action                   || total
-------------------------++-------
Melee: Unarmed           ||    36
 Cast: Flame Tongue      ||    19
       Throw Flame       ||     4
